AoeStats
← joaquinrainone

MegaRandom

503940734Analyzed
2v2 RM · 29d ago on Sep 3, 2026· 16m 14s· 4 players
Game mode
Random Map
Map size
Medium (4 player)
Population
200
Speed
Normal
Resources
Standard
Victory
Conquest
Starting age
Dark Age
Ending age
Imperial Age
RankedLock teamsTeams togetherTeam positionsShared explorationLock speedFull tech treeHidden civsTurbo modeCheats
Victory
Defeat
🇺🇸 Romans · United States
1006
+10
🇮🇩 Maya · Indonesia
894
+27
🇦🇷 Goths · Argentina
877
-13
🇨🇴 Aztecs · Colombia
845
-11
joaquinrainone
0:33 Loom
11:34 Feudal Age
Cruzetinho
10:25 Feudal Age
11:58 Loom
Alec (Lama)
7:09 Loom
9:53 Feudal Age
10:13 Man-at-Arms
11:06 Double-Bit Axe
12:52 Forging
(Arm)_ominous
7:53 Loom
9:39 Feudal Age
Connection lost

Rejoining the realm…

Still unreachable

The connection could not be restored.

Session expired

The server has moved on; the page needs a fresh start.